Cogmind - Beta 10.2 @@@ ROGUE MODE // 2020.11.18 @ 14:45:51 // Halloween2020/ForbiddenLore Player: Tuft Result: Destroyed by G-47 Trooper with Particle Gun Performance ------------- Evolutions (1) 500 Regions Visited (2) 400 Robots Destroyed (35) 175 Value Destroyed (809) 809 Prototype IDs (0) 0 Alien Tech Used (0) 0 Bonus (35) 35 TOTAL SCORE: 1919 Bonus ------- High Alert Combat Kills 35 Cogmind --------- Core Integrity 0/400 Matter 300/300 Energy 90/100 System Corruption 0% Temperature Cool (9) Movement Core (300) Ox5 Location -9/Materials Parts ------- > --- POWER (1) -------- (None) > --- PROPULSION (2) --- (None) > --- UTILITY (3) ------ Large Storage Unit > --- WEAPON (3) ------- (None) > --- INVENTORY (10) --- Tractor Beam Particle Gun Peak State ------------ > --- POWER ------------ Light Ion Engine > --- PROPULSION ------- Compact Wheel Compact Wheel > --- UTILITY ---------- Large Storage Unit Large Matter Pod Sensor Array > --- WEAPON ----------- Assault Rifle Assault Rifle Heavy Assault Rifle > --- INVENTORY -------- Light Ion Engine Wheel Large Storage Unit Tractor Beam Small Laser Particle Gun Assault Rifle Light Assault Rifle Light Assault Rifle Datajack [Rating: 11] Favorites ----------- Power Light Ion Engine Engine Light Ion Engine Propulsion Aluminum Leg Leg Aluminum Leg Wheel Compact Wheel Utility Light Armor Plating Device Sensor Array Storage Medium Storage Unit Protection Light Armor Plating Weapon Assault Rifle Energy Gun Small Laser Ballistic Gun Assault Rifle Special Melee Weapon Datajack Build | -11 -10 -9 ------- Run | Scr Mat Mat Slots Evolved 2 | . . 2 Power . | . . . Propulsion . | . . . Utility 1 | . . 1 Weapon 1 | . . 1 Parts Attached 26 | 1 10 15 Power 4 | . 2 2 Engine 4 | . 2 2 Core . | . . . Reactor . | . . . Propulsion 6 | . 2 4 Treads . | . . . Leg 3 | . 2 1 Wheel 3 | . . 3 Hover . | . . . Flight . | . . . Utility 7 | . 4 3 Device 2 | . 1 1 Storage 4 | . 2 2 Processor . | . . . Hackware . | . . . Protection 1 | . 1 . Artifact . | . . . Weapon 9 | 1 2 6 Energy Gun 1 | . . 1 Energy Cannon . | . . . Ballistic Gun 7 | 1 2 4 Ballistic Cannon . | . . . Launcher . | . . . Special Weapon . | . . . Impact Weapon . | . . . Slashing Weapon . | . . . Piercing Weapon . | . . . Special Melee Weapon 1 | . . 1 Unidentified Prototypes . | . . . Parts Lost 23 | . 7 16 Power 4 | . 2 2 Propulsion 6 | . 2 4 Utility 4 | . 1 3 Weapon 9 | . 2 7 Highest Loss Streak 11 | . 2 11 Average Slot Usage (%) 89 | . 91 85 Engine 10 | . 10 9 Leg 20 | . 25 8 Wheel 2 | . . 7 Device 3 | . 2 6 Storage 16 | . 14 22 Protection 7 | . 10 3 Ballistic Gun 27 | . 27 27 Naked Turns . | . . . Heaviest Build 39 | 13 23 39 Greatest Support 32 | 20 20 32 Greatest Overweight (x) 12 | . 1 12 Average Overweight (x) . | . . . Largest Inventory Capacity 16 | 6 10 16 Average Capacity 8 | 6 7 10 Most Carried 10 | 6 9 10 Average Carried 6 | 4 6 7 Final Capacity 10 | 6 10 10 Final Carried 9 | 2 9 2 Class Distribution -------------------- 74% | Mutant 12% | Skirmisher 9% | Tank Dominant Class ---------------- Mutant | -10/Materials Skirmisher | -9/Materials Resources | -11 -10 -9 ----------- Run | Scr Mat Mat Matter Collected 1193 | 200 324 669 Remotely . | . . . Salvage Created 1146 | . 324 822 Parts 79 | . 9 70 Haulers Intercepted . | . . . Recyclers Shooed 1 | . . 1 Parts Field Recycled . | . . . Retrieved Matter . | . . . Parts Self-Destructed . | . . . Prevented . | . . . Kills | -11 -10 -9 ------- Run | Scr Mat Mat Combat Hostiles Destroyed 24 | . 9 15 Guns 24 | . 9 15 Classes Destroyed 9 | . 3 6 Worker 3 | . . 3 Builder 2 | . . 2 Recycler 2 | . . 2 Operator 2 | . 1 1 Watcher 2 | . . 2 Swarmer 7 | . 3 4 Grunt 13 | . 6 7 Duelist 1 | . . 1 Sentry 3 | . . 3 Best Kill Streak 11 | . 2 11 Combat Bots Only 7 | . 2 7 Max Kills in Single Turn 2 | . 1 2 Gunslinging 1 | . . 1 Exploded . | . . . Melee . | . . . Uniques/NPCs Destroyed . | . . . Combat | -11 -10 -9 -------- Run | Scr Mat Mat Damage Taken 2339 | . 839 1500 Core 549 | . 145 404 Absorbed by Shields . | . . . Core Remaining (%) 71 | 100 42 . Volleys Fired 112 | . 55 57 Largest 3 | . 2 3 Hottest 63 | . 40 63 Shots Fired 253 | . 107 146 Gun 253 | . 107 146 Cannon . | . . . Launcher . | . . . Special . | . . . Kinetic 251 | . 107 144 Thermal 2 | . . 2 Explosive . | . . . Electromagnetic . | . . . Robot Hit Streak 10 | . 7 10 Robot Miss Streak 7 | . 7 5 Penetration Max . | . . . Secondary Targets 7 | . 2 5 Max Gunslinging Chain 1 | . 1 1 Shots Hit Robots 150 | . 60 90 Core Hits 57 | . 19 38 Critical Hits 1 | . . 1 Critical Kills 1 | . . 1 Critical Parts Destroyed . | . . . Melee Attacks . | . . . Impact . | . . . Slashing . | . . . Piercing . | . . . Sneak Attacks . | . . . Combat Hostiles . | . . . Follow-up Attacks . | . . . Damage Inflicted 1727 | . 628 1099 Guns 1726 | . 628 1098 Cannons . | . . . Explosions . | . . . Melee . | . . . Ramming 1 | . . 1 Kinetic 1704 | . 628 1076 Thermal 22 | . . 22 Explosive . | . . . Electromagnetic . | . . . Impact . | . . . Slashing . | . . . Piercing . | . . . Highest Corruption . | . . . Average Corruption . | . . . Corruption Purged . | . . . Overload Shots . | . . . Overflow Damage . | . . . Projectiles . | . . . Explosions . | . . . Melee . | . . . Knockbacks . | . . . Impact . | . . . Kinetic . | . . . Secondary . | . . . Self-Inflicted Damage . | . . . Shots . | . . . Rammed 2 | . . 2 Targets Rammed 2 | . . 2 Kicked . | . . . Crushed . | . . . Highest Temperature 38 | . 18 38 Average Temperature 8 | . 3 11 Received Heat Transfer 1026 | . 408 618 Siege Activations . | . . . Robots Corrupted . | . . . Combat Hostiles . | . . . Parts Fried . | . . . Impact Corruptions . | . . . Robots Melted . | . . . Combat Hostiles . | . . . Parts Melted . | . . . Heat Transferred 50 | . . 50 Parts Sabotaged . | . . . Parts Stolen . | . . . Parts Stripped . | . . . Power Chain Reactions . | . . . Missiles Intercepted . | . . . Alert | -11 -10 -9 ------- Run | Scr Mat Mat Peak Influence 465 | . 172 465 Initial 8 | . . 8 Average 108 | . 53 234 Maximum Alert Level 2 | . . 2 Low Security (%) 80 | 100 100 37 Level 1 14 | . . 47 Level 2 4 | . . 15 Level 3 . | . . . Level 4 . | . . . Level 5 . | . . . High Security . | . . . Max Security . | . . . Squads Dispatched 2 | . 1 1 Investigation . | . . . Extermination . | . . . Reinforcement 2 | . 1 1 Assault . | . . . Garrison . | . . . Intercept . | . . . Construction Impeded . | . . . Haulers Reinforced . | . . . Stealth | -11 -10 -9 --------- Run | Scr Mat Mat Distress Signals 4 | . 1 3 Communications Jammed . | . . . Distress Signals . | . . . Times Spotted 48 | . 17 31 Peak Tracking Total 7 | . 4 7 Tactical Retreats 4 | . 2 2 Traps | -11 -10 -9 ------- Run | Scr Mat Mat Traps Triggered 1 | . 1 . Indirectly . | . . . Trap Hack Attempts . | . . . Triggered . | . . . Disarmed . | . . . Reprogrammed . | . . . Reused . | . . . Traps Extracted . | . . . Installed . | . . . Triggered . | . . . Machines | -11 -10 -9 ---------- Run | Scr Mat Mat Machines Disabled . | . . . Max in Single Turn . | . . . Machines Sabotaged . | . . . Garrisons Compromised . | . . . Overloaded Fab Kills . | . . . Fab Network Shutdowns . | . . . Hacking | -11 -10 -9 --------- Run | Scr Mat Mat Machines Accessed 4 | . 3 1 Terminals 3 | . 2 1 Fabricators . | . . . Repair Stations . | . . . Recycling Units 1 | . 1 . Scanalyzers . | . . . Garrison Access . | . . . Total Hacks 11 | . 8 3 Successful 9 | . 6 3 Failed 2 | . 2 . Catastrophic . | . . . Database Lockouts . | . . . Manual . | . . . Terminals 10 | . 7 3 Fabricators . | . . . Repair Stations . | . . . Recycling Units 1 | . 1 . Scanalyzers . | . . . Garrison Access . | . . . Terminal Hacks 8 | . 5 3 Record 2 | . 2 . Emergency Access Points 1 | . . 1 Locate Traps 1 | . 1 . Maintenance Status 1 | . . 1 Hauler Manifests 1 | . 1 . Zone Layout 2 | . 1 1 Fabricator Hacks . | . . . Repair Station Hacks . | . . . Recycling Unit Hacks 1 | . 1 . Report Inventory 1 | . 1 . Scanalyzer . | . . . Garrison Access Hacks . | . . . Unauthorized Hacks . | . . . Terminals . | . . . Fabricators . | . . . Repair Stations . | . . . Recycling Units . | . . . Scanalyzers . | . . . Garrison Access . | . . . Data Cores Recovered . | . . . Used . | . . . Hacking Detections 3 | . 2 1 Full Trace Events 1 | . 1 . Feedback Events . | . . . Feedback Blocked . | . . . Robot Schematics Acquired . | . . . Robots Built . | . . . Matter . | . . . Time . | . . . Total Robot Build Rating . | . . . Part Schematics Acquired . | . . . Parts Built . | . . . Matter . | . . . Time . | . . . Total Part Build Rating . | . . . Parts Repaired . | . . . Time . | . . . Parts Recycled . | . . . Recycled Matter . | . . . Retrieved Matter . | . . . Retrieved Components . | . . . Parts Scanalyzed . | . . . Part Schematics Acquired . | . . . Parts Damaged . | . . . Bothacking | -11 -10 -9 ------------ Run | Scr Mat Mat Used RIF Installer . | . . . Robots Hacked . | . . . Non-combat . | . . . Combat . | . . . Robot Hacks Applied . | . . . Relay Couplers Released . | . . . Robots Rewired . | . . . Allies Hacked . | . . . Hacks Repelled . | . . . Allies | -11 -10 -9 -------- Run | Scr Mat Mat Total Allies . | . . . Largest Group . | . . . Highest-Rated Group . | . . . Highest-Rated Ally . | . . . Total Orders . | . . . Ally Attacks . | . . . Total Damage . | . . . Kills . | . . . Allies Corrupted . | . . . Allies Melted . | . . . Intel | -11 -10 -9 ------- Run | Scr Mat Mat Robot Analysis Total . | . . . Derelict Logs Recovered . | . . . Drone Launches . | . . . Drone Recoveries . | . . . Exploration | -11 -10 -9 ------------- Run | Scr Mat Mat Turns Passed 1373 | 12 938 423 Spaces Moved 775 | 8 603 164 Core 3 | . . 3 Treads . | . . . Legs 678 | 8 603 67 Wheels 94 | . . 94 Hover . | . . . Flight . | . . . Fastest Speed 100 | 120 120 100 Average Speed 125 | 120 123 132 Slowest Speed 650 | 120 150 650 Overloaded Moves . | . . . Propulsion Burnouts . | . . . Robots Hopped . | . . . Cave-ins Triggered . | . . . Exploration Rate (%) 32 | 2 80 15 Regions Visited 2 Branch Regions . Pre-discovered Areas . | . . . Known Exits Taken . | . . . Unknown Exits Taken 2 | 1 1 . Scrap Searched . | . . . Spaces Dug . | . . . Terrain Destroyed . | . . . Melee . | . . . Projectile . | . . . AOE . | . . . Terrain Rammed . | . . . Walls Destroyed . | . . . Machines Disabled . | . . . Actions | -11 -10 -9 --------- Run | Scr Mat Mat Total 951 | 12 689 250 Wait 2 | . 2 . Move 773 | 7 602 164 Hop . | . . . Pick Up 24 | . 16 8 Fast Attach . | . . . Attach 19 | . 7 12 Detach . | . . . Swap 7 | 1 3 3 Drop 12 | 4 4 4 Fire 112 | . 55 57 Melee . | . . . Ram 2 | . . 2 Kick . | . . . Crush . | . . . Escape Stasis . | . . . Rewire . | . . . Trap . | . . . Miscellaneous . | . . . Route ------- -11/Scrapyard -10/Materials (discovered 3 exits: *Mat / [*Min x2]) -9/Materials (discovered 1 exit: [*Mat]) History --------- Turn | Location | Event 1 | -11/Scrapyard | Discovered new exit (range 3) 13 | -11/Scrapyard | Entered Materials 112 | -10/Materials | Discovered new exit (range 14) 313 | -10/Materials | Build established: Mutant 692 | -10/Materials | Core integrity fell below 50% 845 | -10/Materials | Discovered new exit (range 7) 913 | -10/Materials | Discovered new exit (range 16) 951 | -10/Materials | Entered another Materials area 951 | -9/Materials | Evolved 2 slots: Utility x1, Weapon x1 1148 | -9/Materials | Destroyed 7 combat bots 1338 | -9/Materials | Core integrity fell below 50% 1361 | -9/Materials | Core integrity fell below 20% 1362 | -9/Materials | Discovered new exit (range 10) 1374 | -9/Materials | Destroyed by G-47 Trooper with Particle Gun Last Messages --------------- 01335_ Lgt. Assault Rifle destroyed. 01337_ K-01 Serf collects debris. 01345_ R-06 Scavenger collects Aluminum Leg. 01346_ Sml. Laser destroyed. 01347_ K-01 Serf collects debris. 01349_ R-06 Scavenger collects Heat Sink. 01350_ K-01 Serf collects debris. 01350_ Hvy. Assault Rifle destroyed. 01350_ Acquired 41 matter. 01352_ Datajack destroyed. 01353_ K-01 Serf collects debris. 01356_ Slammed into G-34 Mercenary. 01356_ K-01 Serf collects debris. 01362_ Slammed into G-34 Mercenary. 01362_ EXIT=FOUND 01363_ Acquired 46 matter. 01364_ K-01 Serf collects debris. 01367_ Lrg. Matter Pod destroyed. 01368_ K-01 Serf collects debris. 01374_ Dropped Lrg. Storage Unit. Map ----- +----------------------------------------------------+ | | | | | | | | | | | | | | | | | ?????????????????????????????????????????????????? | | ?????????????????????????????????????????????????? | | ?????????????????????????????????????????????????? | | ?????????????????????????????????????????????????? | | ?????????????????????????????????????????????????? | | ?????????????????????????????????????????????????? | | ?????????????????????????????????????????????????? | | ???????????????????????############??????????????? | | ???????????????????????# # ???????????????? | | ???????????????????????# < # ???????????????? | | ???????????????????????# # ????????????????? | | ???????????????????##### + !?????????????????? | | ???????????????????? # !?????????????????? | | ????????????????????? # % ??????????????????? | | ?????????????????????? ##/#######????????????? | | ???????????????????????# #!== #????????????? | | ???????????????????????# # #????????????? | | ????????????????? """ # @g#* #????????????? | | ????????????????? """ + gg= % #????????????? | | ????????????????? """ # #= !]] #????????????? | | ???????????????????????# # k ]] #????????????? | | ???????????????????????# k# ]! #????????????? | | ???????????????????????# # #????????????? | | ???????????????????????# # #????????????? | | ???????????????????????# ########+#????????????? | | ???????????????????????# ########%#????????????? | | ???????????????????????# # # #????????????? | | ???????????????????????# # # #????????????? | | ???????????????????????# # #=#????????????? | | ???????????????????????# # +!#?########???? | | ???????????????????????# # #%#?# #???? | | ???????????????????????# # #[### """ #???? | | ???????????????????????# # =[#%! # """ #???? | | ???????????????????????? # !=%#*= + """ #???? | | ???????????????????????????# %!+ # #???? | | ???????????????????????????######## # #???? | | ????????????????????????????????### ##+######### | | ????????????????????????? [=!* | | ????????????????????????? ####### | | ????????????????????????? #?# | | ?????????????????????????? ####+##/####+##### | | ??????????????????????????????????????? ## | +----------------------------------------------------+ Best States ------------- Heat Dissipation 28 Energy Generation 10 Energy Capacity 250 Matter Stores 450 Matter Capacity 450 Sight Range 16 Robot Scan Range 10 Terrain Scan Density 10 Armor Coverage 150 Evasion (%) 40 Item Schematics ----------------- None Robot Schematics ------------------ None Fabricated ------------ Nothing Alien Tech Used ----------------- None Achievements -------------- None Challenges ------------ None Game ------ Seed FireGhostGuard Manual? 0 Play Time 00:25:06 Cumulative 12.9 hours Start 2020.11.18 @ 14:13:05 End 2020.11.18 @ 14:45:51 Sessions 1 Manual Loads 0 Difficulty Rogue Special Mode Halloween2020/ForbiddenLore Game No. 32 Rogue 32 Adventurer 0 Explorer 0 Win Type - Total 0 Types 0/0/0/0/0/0/0/0/0 Lore% 13 Gallery% 20 Achievement% 13 Wizard Run 0 Options --------- ASCII 1 Keyboard 0 Movement Mouse Keybinds 0 Fullscreen 1 Font 24/Crisp Map View 60x50 Tactical HUD 1 Map Filters NONE Filters NONE Steam 1 RUN: 797dbdc9-0f5a-4ee9-9d57-c97b02199a46